 Dungeon Crawl Stone Soup version 0.23-a0-644-gb60d84b (webtiles) character file.

32 Borgoz the Sneak (level 3, -10/24 HPs)
             Began as a Halfling Assassin on Jan 1, 2019.
             Killed by divine providence
             ... invoked by an orc priest
              (12 damage)
             ... on level 2 of the Dungeon.
             The game lasted 00:01:51 (1067 turns).

Borgoz the Sneak (Halfling Assassin)                Turns: 1067, Time: 00:01:52

Health: -10/24     AC:  3    Str: 12    XL:     3   Next: 42%
Magic:  3/3        EV: 15    Int:  9    God:
Gold:   77         SH:  0    Dex: 18    Spells: 2/2 levels left

rFire    . . .     SeeInvis .   a - +2 dagger
rCold    . . .     Gourm    .   (shield restricted)
rNeg     . . .     Faith    .   c - +0 robe
rPois    .         Spirit   .   (no helmet)
rElec    .         Reflect  .   d - +0 cloak
rCorr    .         Harm     .   (no gloves)
MR       .....                  (no boots)
Stlth    +++.......             (no amulet)
HPRegen  0.08/turn              i - +2 ring of dexterity
MPRegen  0.08/turn              (no ring)

@: lethally poisoned (-10 -> -13)
A: small, mutation resistance 1
a: no special abilities


You were on level 2 of the Dungeon.
You were hungry.

You visited 1 branch of the dungeon, and saw 2 of its levels.

You collected 77 gold pieces.

Inventory:

Hand Weapons
 a - a +2 dagger (weapon)
 b - a +0 blowgun
Missiles
 e - 3 poisoned needles
 f - 4 curare-tipped needles
Armour
 c - a +0 robe (worn)
 d - a +0 cloak (worn)
Jewellery
 i - a +2 ring of dexterity (left hand)
Scrolls
 h - a scroll of enchant armour {unknown}
 j - a scroll of enchant weapon {unknown}
 k - a scroll of teleportation {unknown}
 l - 2 scrolls of remove curse {unknown}
 m - a scroll of identify {unknown}
 n - a scroll of fog {unknown}
Comestibles
 g - 4 rations


   Skills:
 + Level 2.1 Fighting
 * Level 3.0 Short Blades
 + Level 2.1 Throwing
 + Level 0.6 Armour
 * Level 1.7 Dodging
 * Level 4.7 Stealth


You had 2 spell levels left.
You didn't know any spells.
Your spell library was empty.

Dungeon Overview and Level Annotations

Branches:
Dungeon (2/15)

Altars:


Innate Abilities, Weirdness & Mutations

You are small and have problems with some larger weapons.
You are somewhat resistant to further mutation.


Message History

The adder bites you.
* * * LOW HITPOINT WARNING * * *
You are lethally poisoned!
The adder poisons you!
* * * LOW HITPOINT WARNING * * *
You feel sick.
A rat comes into view.
The orc wizard casts a spell.
The orc wizard flickers and vanishes!
Deactivating autopickup; reactivate with Ctrl-A.
The rat moves out of view.
You see here a spear.
* * * LOW HITPOINT WARNING * * *
You feel sick. The adder misses you.
There is a stone staircase leading up here.
The adder closely misses you.
The orc priest calls down the wrath of Beogh upon you.
Beogh smites you!
Ouch! That really hurt!
You die...

.... ...... # ...##.#..#
.# # ...#.#..# .# .#
..#.#..# ####.##.#
#.#.#..# #.......#
#.#.#..# #.......# .
#...#..###.......#
..#@S).......o......
............o###.......#
.....###..#.####.......#
.......(..(..$.........#
.## .###.##.##...####...
...........# ##.#
##.###.....# #.#
............. #.# ##
###....?##. #.#


You could see an orc priest and an adder.

Vanquished Creatures
  3 dart slugs
  2 leopard geckos (D:1)
  5 giant cockroaches
  A goblin (D:1)
  A quokka (D:2)
  A ball python (D:1)
  2 bats (D:1)
  2 frilled lizards (D:1)
  2 kobolds (D:1)
  7 rats
26 creatures vanquished.

Notes
Turn   | Place    | Note
-------+----------+-------------------------------------------
     0 | D:1      | Borgoz the Halfling Assassin began the quest for the Orb.
     0 | D:1      | Reached XP level 1. HP: 14/14 MP: 1/1
    29 | D:1      | Reached XP level 2. HP: 16/19 MP: 2/2
   533 | D:1      | Reached XP level 3. HP: 24/24 MP: 3/3
  1067 | D:2      | Killed from afar by an orc priest

Vault maps used:
D:1:      grunt_arrival_crossed_arrows
D:2:      grunt_ministairs_1, st_stairs_4, uniq_terence, uniq_jessica

Skill      XL: |  1  2  3 |
---------------+----------+-----
Fighting       | 2 |  2.1
Short Blades   | 3 |  3.0
Throwing       | |  2.1
Armour         | |  0.6
Dodging        | |  1.7
Stealth        | |  4.7

Action                   || total
-------------------------++-------
Melee: Dagger            ||    95
 Fire: Blowgun           ||     5
 Stab: Sleeping          ||     5
Armor: Robe              ||    23
Dodge: Dodged            ||    66

Table legend:
 A = Non-vault XP
 B = Vault XP
 C = Vault XP percentage of total XP
 D = Non-vault monster count
 E = Vault monster count
 F = Vault count percentage of total count
                 A         B        C        D         E       F
            +---------+---------+-------+---------+---------+-------
      Total |      44 |       2 |   4.3 |      24 |       2 |   7.7
            +---------+---------+-------+---------+---------+-------
        D:1 |      34 |       0 |   0.0 |      20 |       0 |   0.0
        D:2 |      10 |       2 |  16.7 |       4 |       2 |  33.3
            +---------+---------+-------+---------+---------+-------
